 Dungeon Crawl Stone Soup version 0.26.1-11-gd32895ea62 (webtiles) character file.

Game seed: 11244159649799346930

123 Almogavar the Conjurer (level 4, -13/24 HPs)
             Began as a Deep Elf Conjurer on May 26, 2021.
             Mangled by Sigmund
             ... wielding a +0 scythe of venom
              (15 damage)
             ... on level 2 of the Dungeon.
             The game lasted 00:08:20 (1511 turns).

Almogavar the Conjurer (Deep Elf Conjurer)          Turns: 1511, Time: 00:08:21

Health: -13/24     AC:  2    Str:  4    XL:     4   Next: 79%
Magic:  2/12       EV: 13    Int: 24    God:
Gold:   53         SH:  0    Dex: 13    Spells: 8/11 levels left

rFire    . . .     SeeInvis .   j - +1 dagger (venom)
rCold    . . .     Faith    .   (no shield)
rNeg     . . .     Spirit   .   a - +0 robe
rPois    .         Reflect  .   (no helmet)
rElec    .         Harm     .   (no cloak)
rCorr    .         Rampage  .   (no gloves)
Will     .....                  (no boots)
Stlth    ++........             (no amulet)
HPRegen  0.08/turn              (no ring)
MPRegen  0.13/turn              (no ring)

@: lethally poisoned (-13 -> -25)
A: no striking features
a: no special abilities


You were on level 2 of the Dungeon.
You visited 1 branch of the dungeon, and saw 2 of its levels.

You collected 53 gold pieces.

Inventory:

Hand Weapons
 j - a +1 dagger of venom (weapon)
Armour
 a - a +0 robe (worn)
 i - a +2 buckler
 l - a cursed -1 scale mail
Scrolls
 d - 2 scrolls of remove curse
 f - a scroll of teleportation {unknown}
 g - a scroll of identify {unknown}
 m - a scroll of enchant weapon {unknown}
Potions
 b - a potion of cancellation {unknown}
 c - 2 potions of magic {unknown}
 e - a potion of degeneration {unknown}
 h - 2 potions of curing {unknown}
 k - a potion of might {unknown}


   Skills:
 + Level 2.7 Dodging
 + Level 2.8 Stealth
 + Level 4.0 Spellcasting
 + Level 6.2 Conjurations


You had 8 spell levels left.
You knew the following spells:

 Your Spells              Type           Power        Failure   Level
a - Magic Dart            Conj           100%         1%          1
b - Searing Ray           Conj           68%          1%          2

Your spell library contained the following spells:

 Spells                   Type           Power        Failure   Level
 Dazzling Flash           Conj/Hex       38%          9%          3
 Fulminant Prism          Conj/Hex       9%           26%         4
 Iskenderun's Mystic Bla  Conj/Tloc      19%          26%         4


Dungeon Overview and Level Annotations

Branches:
Dungeon (2/15)

Altars:

Annotations:
D:2 Sigmund


Message History

Casting: Searing Ray (safe; 1% risk of failure)
Confirm with . or Enter, or press ? or * to list all spells.
Aiming: Searing Ray (safe; 1% risk of failure)
Press: ? - help, Shift-Dir - straight line, f - bat
Aim: a bat (29% to evade)
The searing ray hits the bat!
You kill the bat! (Press . to maintain the ray.)
Something hits you!
Ouch! That really hurt!
* * * LOW HITPOINT WARNING * * *
You are lethally poisoned!
The searing ray hits something!
* * * LOW HITPOINT WARNING * * *
You feel sick.
The searing ray hits something!
* * * LOW HITPOINT WARNING * * *
You feel sick. Something hits you!
Ouch! That really hurt!
You die...

#.##### #.†{..# #@# #.#
#### #.# #####... #(#
#[......
#.#########....... #
#.................
#.#######.####†.......
..........†.........†
#####.......#.#.....###


There were no monsters in sight!

Vanquished Creatures
  A howler monkey (D:2)
  Robin (D:2)
  2 adders (D:2)
  An ooze (D:1)
  A worm (D:2)
  8 bats
  A giant cockroach (D:2)
  14 goblins
  5 hobgoblins (D:2)
  5 jackals (D:1)
  A ball python (D:2)
  2 frilled lizards (D:1)
  3 kobolds
  2 rats
47 creatures vanquished.

Notes
Turn   | Place    | Note
-------+----------+-------------------------------------------
     0 | D:1      | Almogavar the Deep Elf Conjurer began the quest for the
                  | Orb.
     0 | D:1      | Reached XP level 1. HP: 10/10 MP: 6/6
    91 | D:1      | Reached XP level 2. HP: 15/15 MP: 1/8
   238 | D:1      | Reached skill level 5 in Conjurations
   243 | D:1      | Learned a level 2 spell: Searing Ray
   723 | D:2      | Reached XP level 3. HP: 19/19 MP: 3/9
   808 | D:2      | Noticed Robin
   815 | D:2      | Killed Robin
  1154 | D:2      | Reached XP level 4. HP: 24/24 MP: 7/11
  1390 | D:2      | Reached skill level 6 in Conjurations
  1505 | D:2      | Noticed Sigmund
  1511 | D:2      | Mangled by Sigmund

Illustrated notes

Levels and vault maps discovered:
D:1:      nicolae_arrival_washed_ashore, layout_rooms
D:2:      layout_basic, uniq_robin, uniq_sigmund

Skill      XL: |  1  2  3  4 |
---------------+-------------+-----
Conjurations   | 5 6 |  6.2
Spellcasting   | 4 |  4.0
Dodging        | |  2.7
Stealth        | |  2.8

Action                   |  1- 3 |  4- 6 || total
-------------------------+-------+-------++-------
 Cast: Magic Dart        |    51 |    13 ||    64
       Searing Ray       |     6 |     4 ||    10
  Use: Scroll            |     1 |       ||     1
Dodge: Dodged            |     2 |       ||     2
